 Seeded DCSS version 0.27.1-33-g824d729ab1 (webtiles) character file.

Game seed: 12500786641603523225 (custom seed)

109659 croobank the Nimble (level 16, -3/115 (129) HPs)
             Began as a Gnoll Monk on Dec 11, 2021.
             Was the Champion of Cheibriados.
             Slain by a boulder beetle (12 damage)
             ... on level 14 of the Dungeon on Dec 12, 2021.
             The game lasted 04:33:00 (30312 turns).

croobank the Nimble (Gnoll Monk)                   Turns: 30312, Time: 04:33:01

HP:   -3/115 (129)  AC: 24    Str: 31    XL:     16   Next: 52%
MP:   31/31         EV: 22    Int: 29    God:    Cheibriados [******]
Gold: 437           SH:  9    Dex: 32    Spells: 7/37 levels left

rFire    + . .     SeeInvis .   V - +6 demon whip (flame)
rCold    x . .     Faith    .   A - +0 buckler
rNeg     + + +     Spirit   .   b - +2 chain mail {Will+}
rPois    +         Reflect  .   S - +0 helmet of the Raven {+Inv}
rElec    .         Harm     .   l - +0 cloak
rCorr    .         Rampage  .   h - +2 pair of gloves {Str+3}
Will     +++++                  r - +2 pair of boots
Stlth    +.........             D - amulet "Egiakk" {RegenMP rN++ Will+++ Slay-2 Stlth-}
HPRegen  0.29/turn              E - ring of fire
MPRegen  0.47/turn              d - ring of Jipnipt {+Blink rPois rN+ Str+2}

@: contaminated, glowing, heavily drained, very slow
A: fangs 1, strong nose, distributed training
a: Renounce Religion, Evoke Blink, Evoke Invisibility, Bend Time, Temporal
Distortion, Slouch, Step From Time


You were on level 14 of the Dungeon.
You worshipped Cheibriados.
Cheibriados was exalted by your worship.
You visited 4 branches of the dungeon, and saw 23 of its levels.
You also visited: Sewer.

You collected 2209 gold pieces.
You spent 1772 gold pieces at shops.

Inventory:

Hand Weapons
 a - a +9 hand axe of freezing
 g - the +7 scimitar "Killer Bee's Regret" {vorpal, rPois Str+4}
   (You found it on level 6 of the Lair of Beasts)

   It inflicts extra damage upon your enemies.
   Str:       It affects your strength (+4).
   rPois:     It protects you from poison.
 v - the +1 long sword of Causality {vorpal, rC+ Will+ Dex+3}
   (You found it on level 10 of the Dungeon)

   It inflicts extra damage upon your enemies.
   Dex:       It affects your dexterity (+3).
   rC:        It protects you from cold.
   Will:      It increases your willpower.
 P - the +9 spear of Boygyxeb {vorpal, rElec Str+5 Int+2}
   (You took it off a spriggan on level 6 of the Lair of Beasts)

   It inflicts extra damage upon your enemies.
   Str:       It affects your strength (+5).
   Int:       It affects your intelligence (+2).
   rElec:     It insulates you from electricity.
 V - a +6 demon whip of flaming (weapon)
Missiles
 y - 3 atropa-tipped darts (quivered)
Armour
 b - a +2 chain mail of willpower (worn)
 h - a +2 pair of gloves of strength (worn)
 l - a +0 cloak (worn)
 p - a +1 plate armour of cold resistance
 r - a +2 pair of boots (worn)
 A - a +0 buckler (worn)
 K - +5 steam dragon scales
 S - the +0 helmet of the Raven (worn) {+Inv}
   (You found it on level 6 of the Lair of Beasts)

   +Inv:      It lets you turn invisible.
Jewellery
 c - a +6 ring of strength
 d - the ring of Jipnipt (right hand) {+Blink rPois rN+ Str+2}
   (You bought it in a shop on level 8 of the Dungeon)

   [ring of poison resistance]

   Str:       It affects your strength (+2).
   rPois:     It protects you from poison.
   rN:        It protects you from negative energy.
   +Blink:    It lets you blink.
 k - an amulet of reflection
 o - an amulet of magic regeneration
 x - a ring of positive energy
 B - a ring of see invisible
 D - the amulet "Egiakk" (around neck) {RegenMP rN++ Will+++ Slay-2 Stlth-}
   (You bought it in a shop on level 2 of the Orcish Mines)

   [amulet of magic regeneration]

   It increases your rate of magic regeneration.
   Slay:      It affects your accuracy & damage with ranged weapons and melee
   (-2).
   rN:        It greatly protects you from negative energy.
   Will:      It greatly increases your willpower.
   Stlth:     It makes you less stealthy.
 E - a ring of fire (left hand)
 I - a +4 ring of protection
 J - a ring of protection from cold
 U - a ring of resist corrosion
 W - a ring of magical power
 X - a ring of wizardry
 Y - a +6 ring of dexterity
 Z - the amulet of Lucsuugg {Acrobat rPois rC+ Int-5}
   (You found it on level 6 of the Lair of Beasts)

   [amulet of the acrobat]

   It increases your evasion while moving and waiting.
   Int:       It affects your intelligence (-5).
   rC:        It protects you from cold.
   rPois:     It protects you from poison.
Wands
 i - a wand of paralysis (14)
 C - a wand of charming (8)
 G - a wand of iceblast (24)
 H - a wand of digging (8)
 Q - a wand of flame (26)
 T - a wand of polymorph (5)
Scrolls
 e - 5 scrolls of teleportation {teleport}
 n - a scroll of silence
 q - 7 scrolls of identify {identify}
 w - 2 scrolls of immolation {immolation}
 F - 5 scrolls of magic mapping {magic mapping}
 R - a scroll of fear
Potions
 f - a potion of might {might}
 j - 3 potions of heal wounds
 m - 2 potions of ambrosia {ambrosia}
 u - 4 potions of brilliance {brilliance, unknown}
 z - 12 potions of curing {curing, unknown}
 L - 3 potions of cancellation {cancellation, unknown}
 M - a potion of invisibility {invisibility}
 N - 2 potions of haste {haste, unknown}
 O - 2 potions of resistance {resistance, unknown}
Miscellaneous
 s - a box of beasts
 t - a condenser vane


   Skills:
 + Level 12.5 Fighting
 + Level 11.0 Short Blades
 + Level 11.0 Long Blades
 + Level 12.5 Axes
 + Level 11.0 Maces & Flails
 + Level 11.0 Polearms
 + Level 11.0 Staves
 + Level 11.0 Slings
 + Level 11.0 Bows
 + Level 11.0 Crossbows
 + Level 11.0 Throwing
 + Level 11.0 Armour
 + Level 12.5 Dodging
 + Level 11.7 Stealth
 + Level 11.0 Shields
 + Level 11.0 Unarmed Combat
 + Level 11.0 Spellcasting
 + Level 9.3 Conjurations
 + Level 9.3 Hexes
 + Level 9.3 Summonings
 + Level 9.3 Necromancy
 + Level 9.3 Translocations
 + Level 9.3 Transmutations
 + Level 9.3 Fire Magic
 + Level 9.3 Ice Magic
 + Level 9.3 Air Magic
 + Level 9.3 Earth Magic
 + Level 9.3 Poison Magic
 + Level 11.9 Invocations
 + Level 11.0 Evocations


You had 7 spell levels left.
You knew the following spells:

 Your Spells              Type           Power      Damage    Failure   Level
a - Freezing Cloud        Conj/Ice/Air   31%        6-21      8%          5
b - Manifold Assault      Tloc           63%        N/A       8%          5
c - Silence               Hex/Air        31%        N/A       8%          5
d - Iron Shot             Conj/Erth      31%        9d6       38%         6
e - Teleport Other        Tloc           63%        N/A       1%          3
f - Statue Form           Tmut/Erth      42%        N/A       38%         6

Your spell library contained the following spells:

 Spells                   Type           Power      Damage    Failure   Level
 Pain                     Necr           100%       1d9       1%          1
 Sting                    Tmut/Pois      100%       1d8       1%          1
 Blink                    Tloc           N/A        N/A       1%          2
 Corpse Rot               Necr/Air       N/A        N/A       1%          2
 Passwall                 Tmut/Erth      52%        N/A       1%          2
 Poisonous Vapours        Pois/Air       100%       N/A       1%          2
 Dazzling Flash           Conj/Hex       100%       N/A       1%          3
 Gell's Gravitas          Tloc           31%        N/A       1%          3
 Inner Flame              Hex/Fire       81%        N/A       1%          3
 Lesser Beckoning         Tloc           31%        N/A       1%          3
 Swiftness                Air            63%        N/A       1%          3
 Tukima's Dance           Hex            63%        N/A       1%          3
 Cause Fear               Hex            31%        N/A       2%          4
 Leda's Liquefaction      Hex/Erth       31%        N/A       2%          4
 Olgreb's Toxic Radiance  Pois           63%        N/A       2%          4
 Passage of Golubria      Tloc           N/A        N/A       2%          4
 Agony                    Necr           63%        N/A       8%          5
 Bolt of Magma            Conj/Fire/Erth 40%        4d17      8%          5
 Excruciating Wounds      Necr           31%        N/A       8%          5
 Yara's Violent Unravell  Hex/Tmut       31%        3d13      8%          5
 Invisibility             Hex            31%        N/A       38%         6
 Storm Form               Tmut/Air       31%        N/A       92%         7
 Discord                  Hex            31%        N/A       100%        8
 Polar Vortex             Ice            31%        N/A       100%        9


Dungeon Overview and Level Annotations

Branches:
Dungeon (14/15)            Temple (0/1) D:5            Lair (6/6) D:8
  Swamp (1/4) Lair:3       Spider (0/4) Lair:4        Slime (0/5) Lair:5
    Orc (2/2) D:11            Elf (0/3) Orc:2         Sewer (visited)
 Vaults: D:13-14

Altars:
Cheibriados
Vehumet
Wu Jian
The Shining One
Beogh
Jiyva

Shops:
D:5 (   D:7 *   D:8 =   Orc:2 ([=*


Innate Abilities, Weirdness & Mutations

You have very sharp teeth.
Your uncanny sense of smell can sniff out nearby items.
Your experience applies equally to all skills.


Message History

Confirm with . or Enter, or press ? or * to list all spells.
Aiming: Freezing Cloud (dangerous; 8% risk of failure)
Press: ? - help, Dir - move target, f - fire dragon
Aim: a fire dragon (heavily wounded)
The fire dragon is engulfed in freezing vapours.
You flicker for a moment.
The fire dragon is engulfed in freezing vapours.
The fire dragon breathes flames at you. The blast of flame misses you.
You block the troll's attack. The troll barely misses you. x2
You hear a shout!
Your surroundings suddenly seem different.
A boulder beetle comes into view.
Okay, then.
You have 437 gold pieces.
Search for what [Enter for "Sinv", or ? for help]? rF You're wearing all the rings you can.
Remove which one? (? for menu, Esc to cancel) < or
U - a ring of resist corrosion > or
d - the ring of Jipnipt {+Blink rPois rN+ Str+2} You remove your ring of resist corrosion.
The boulder beetle leaps!
You feel more attuned to fire.
E - a ring of fire (left hand)
You hit the boulder beetle but do no damage.
The boulder beetle misses you.
You hit the boulder beetle but do no damage.
You flicker back into view.
You hit the boulder beetle. You burn the boulder beetle.
The boulder beetle is lightly wounded.
The boulder beetle bites you!
* * * LOW HITPOINT WARNING * * *
You blink.
A slime creature comes into view.
The boulder beetle curls into a ball and begins rolling!
The slime creature quivers.
The boulder beetle barely misses you.
The boulder beetle stops rolling and uncurls.
The boulder beetle bites you!
You die...

....<#####).............
#................)......
#>...####......)).†#.#...##
#....# #.#..##...))..$...#...
####.# #.#..##...##.##.......
#.# #.#..#.........?....# #.##
#.#.##...###.###....##
#.##...##.................###
.....##......@###.###.......##
.#.###.......B#.......#........
..^..........○.J#####..........
##.............##∆∆∆##..#......
..............J#∆∆∆∆∆#...[#....
...............# ∆ ∆∆#..#$..#..
...............# ∆∆∆∆#....#)...
##.............# ∆##..#......
###............#####.)..[.....


You could see a boulder beetle and a slime creature.

Vanquished Creatures
  An orc warlord (Orc:1)
  The ghost of Ronioze the Cleaver, a journeyman MiBe of Trog (Lair:6)
  A bunyip (Swamp:1)
  An ettin (Orc:2)
  Fannar (Orc:1)
  10 hydras
  A rakshasa (D:9)
  A boulder beetle (D:14)
  4 centaur warriors
  A catoblepas (D:14)
  7 two-headed ogres
  A death knight (D:13)
  4 tengu warriors
  10 death yaks
  5 orc high priests
  2 spriggans (Lair:6)
  10 skeletal warriors
  A goliath frog (Lair:6)
  Pikel (D:6)
  4 orc knights
  A phantasmal warrior (D:13)
  2 deep elf pyromancers
  An orb spider (shapeshifter) (D:14)
  6 orc sorcerers
  2 ugly things
  4 manticores
  2 cyclopes (D:12)
  31 elephants
  Joseph (D:7)
  4 black mambas
  6 centaur zombies
  16 cane toads
  5 rime drakes
  9 komodo dragons
  A kobold demonologist (D:8)
  2 unseen horrors
  2 efreet (D:13)
  6 trolls
  A wolf spider simulacrum (D:14)
  3 meliai (D:13)
  4 tyrant leeches (Lair:6)
  Grinder (D:4)
  21 blink frogs
  3 hornets
  3 polar bears (Lair:5)
  A meliai zombie (D:11)
  9 slime creatures
  A centaur simulacrum (D:14)
  2 shadows
  51 yaks
  6 wraiths
  2 wyverns
  2 basilisks
  A vampire (D:13)
  A basilisk (shapeshifter) (D:14)
  22 vampire mosquitoes
  A steam dragon (D:9)
  A death yak simulacrum (Lair:3)
  11 wargs
  9 water moccasins
  3 swamp worms (Lair:2)
  2 acid dragons
  2 hell hounds (Orc:1)
  3 black bears
  29 orc warriors
  3 ice beasts
  A necrophage (D:5)
  8 ogres
  9 wolves
  4 centaurs
  4 kobold brigands
  18 bullfrogs
  A gnoll sergeant (D:8)
  3 scorpions
  A water moccasin zombie (D:5)
  A wyvern skeleton (D:5)
  A water moccasin skeleton (D:5)
  A killer bee (D:7)
  5 wights (D:10)
  10 howler monkeys
  4 hounds
  6 jellies
  10 orc priests
  3 gnoll shamans
  3 centaur skeletons (D:7)
  Jessica (D:2)
  4 bullfrog skeletons
  Natasha (twice) (D:2)
  15 orc wizards
  An iguana (D:7)
  A howler monkey zombie (D:11)
  Robin (D:4)
  15 gnolls
  10 adders
  4 shadow imps
  4 white imps
  An ufetubus (D:7)
  2 worms
  65 orcs
  5 bats
  9 endoplasms
  9 giant cockroaches
  15 goblins
  8 hobgoblins
  4 quokkas
  12 ball pythons
  2 frilled lizards
  A goblin skeleton (D:6)
  2 goblin zombies (D:6)
  2 hobgoblin zombies (D:6)
  23 kobolds
  2 kobold skeletons (D:6)
  A kobold zombie (D:6)
  An orc skeleton (D:6)
  5 rats
686 creatures vanquished.

Vanquished Creatures (collateral kills)
  A phantasmal warrior (D:13)
  A komodo dragon (D:13)
  A freezing wraith (D:13)
  A troll (Orc:1)
  An orc warrior (Orc:1)
  A boggart (Lair:6)
  An orc (Orc:1)
7 creatures vanquished.

Vanquished Creatures (others)
  4 foxfires (Swamp:1)
  64 fungi
  94 plants
162 creatures vanquished.

Grand Total: 855 creatures vanquished

Notes
Turn   | Place    | Note
-------+----------+-------------------------------------------
     0 | D:1      | croobank the Gnoll Monk began the quest for the Orb.
     0 | D:1      | Reached XP level 1. HP: 23/23 MP: 1/1
    87 | D:1      | Reached XP level 2. HP: 29/29 MP: 2/2
   748 | D:2      | Reached XP level 3. HP: 27/35 MP: 3/3
   777 | D:2      | Reached skill level 1 in Short Blades
   777 | D:2      | Reached skill level 1 in Long Blades
   777 | D:2      | Reached skill level 1 in Maces & Flails
   777 | D:2      | Reached skill level 1 in Polearms
   777 | D:2      | Reached skill level 1 in Staves
   777 | D:2      | Reached skill level 1 in Slings
   777 | D:2      | Reached skill level 1 in Bows
   777 | D:2      | Reached skill level 1 in Crossbows
   777 | D:2      | Reached skill level 1 in Throwing
   777 | D:2      | Reached skill level 1 in Armour
   777 | D:2      | Reached skill level 1 in Shields
   777 | D:2      | Reached skill level 1 in Unarmed Combat
   777 | D:2      | Reached skill level 1 in Spellcasting
   777 | D:2      | Reached skill level 1 in Invocations
   777 | D:2      | Reached skill level 1 in Evocations
   778 | D:2      | Reached XP level 4. HP: 6/41 MP: 2/5
  1362 | D:2      | Found a faded altar of an unknown god.
  1366 | D:2      | Became a worshipper of Cheibriados the Contemplative
  1366 | D:2      | Reached * piety under Cheibriados
  1366 | D:2      | Reached ** piety under Cheibriados
  1462 | D:2      | Noticed Jessica
  1480 | D:2      | Killed Jessica
  1481 | D:2      | Reached skill level 1 in Conjurations
  1481 | D:2      | Reached skill level 1 in Hexes
  1481 | D:2      | Reached skill level 1 in Summonings
  1481 | D:2      | Reached skill level 1 in Necromancy
  1481 | D:2      | Reached skill level 1 in Translocations
  1481 | D:2      | Reached skill level 1 in Transmutations
  1481 | D:2      | Reached skill level 1 in Fire Magic
  1481 | D:2      | Reached skill level 1 in Ice Magic
  1481 | D:2      | Reached skill level 1 in Air Magic
  1481 | D:2      | Reached skill level 1 in Earth Magic
  1481 | D:2      | Reached skill level 1 in Poison Magic
  1598 | D:2      | Reached *** piety under Cheibriados
  1675 | D:2      | Noticed Natasha
  1685 | D:2      | Killed Natasha
  1686 | D:2      | Reached XP level 5. HP: 44/47 MP: 4/7
  1900 | D:2      | Noticed Natasha
  1918 | D:2      | Killed Natasha
  2130 | D:2      | Reached skill level 5 in Invocations
  2130 | D:2      | Reached XP level 6. HP: 56/56 MP: 7/12
  2975 | D:4      | Reached XP level 7. HP: 42/62 MP: 7/13
  3094 | D:4      | Reached **** piety under Cheibriados
  3100 | D:4      | Noticed Robin
  3114 | D:4      | Killed Robin
  3850 | D:4      | Reached skill level 5 in Short Blades
  3850 | D:4      | Reached skill level 5 in Long Blades
  3850 | D:4      | Reached skill level 5 in Maces & Flails
  3850 | D:4      | Reached skill level 5 in Polearms
  3850 | D:4      | Reached skill level 5 in Staves
  3850 | D:4      | Reached skill level 5 in Slings
  3850 | D:4      | Reached skill level 5 in Bows
  3850 | D:4      | Reached skill level 5 in Crossbows
  3850 | D:4      | Reached skill level 5 in Throwing
  3850 | D:4      | Reached skill level 5 in Armour
  3850 | D:4      | Reached skill level 5 in Shields
  3850 | D:4      | Reached skill level 5 in Unarmed Combat
  3850 | D:4      | Reached skill level 5 in Spellcasting
  3850 | D:4      | Reached skill level 5 in Evocations
  3850 | D:4      | Reached XP level 8. HP: 70/70 MP: 13/16
  3857 | D:4      | Learned a level 5 spell: Freezing Cloud
  3897 | D:4      | Noticed Grinder
  3903 | D:4      | Killed Grinder
  3987 | D:5      | Entered Level 5 of the Dungeon
  4033 | D:5      | Reached ***** piety under Cheibriados
  4149 | D:5      | Found Ziraydd's Antique Weapon Shop.
  4216 | D:5      | Found a staircase to the Ecumenical Temple.
  4279 | D:5      | Reached XP level 9. HP: 76/76 MP: 18/18
  4376 | D:5      | Reached skill level 5 in Conjurations
  4376 | D:5      | Reached skill level 5 in Hexes
  4376 | D:5      | Reached skill level 5 in Summonings
  4376 | D:5      | Reached skill level 5 in Necromancy
  4376 | D:5      | Reached skill level 5 in Translocations
  4376 | D:5      | Reached skill level 5 in Transmutations
  4376 | D:5      | Reached skill level 5 in Fire Magic
  4376 | D:5      | Reached skill level 5 in Ice Magic
  4376 | D:5      | Reached skill level 5 in Air Magic
  4376 | D:5      | Reached skill level 5 in Earth Magic
  4376 | D:5      | Reached skill level 5 in Poison Magic
  5071 | D:6      | Noticed Pikel
  5092 | D:6      | Killed Pikel
  5265 | D:6      | Found a glowing drain.
  5279 | Sewer    | Entered a sewer
  5515 | Sewer    | Reached XP level 10. HP: 83/83 MP: 18/20
  5533 | D:6      | Found a glowing golden altar of the Shining One.
  5567 | D:6      | Learned a level 5 spell: Manifold Assault
  5640 | D:5      | Reached ****** piety under Cheibriados
  5987 | D:7      | Reached XP level 11. HP: 89/89 MP: 21/21
  5989 | D:7      | Found Resitagokao's Retail Resort.
  6135 | D:7      | Found an ornate altar of the Wu Jian Council.
  6384 | D:7      | Noticed Joseph
  6972 | D:7      | Killed Joseph
  7298 | D:8      | Noticed a two-headed ogre
  7306 | D:8      | Killed a two-headed ogre
  7425 | D:8      | Found Tarrag's Jewellery Shoppe.
  7478 | D:8      | Found a staircase to the Lair.
  9318 | D:9      | Noticed a rakshasa
  9324 | D:9      | Killed a rakshasa
  9325 | D:9      | Reached skill level 10 in Fighting
  9325 | D:9      | Reached skill level 10 in Axes
  9325 | D:9      | Reached skill level 10 in Dodging
  9332 | D:9      | Noticed a centaur warrior
  9350 | D:9      | Killed a centaur warrior
  9577 | D:10     | Entered Level 10 of the Dungeon
  9620 | D:10     | Reached XP level 12. HP: 97/97 MP: 23/23
 10270 | D:10     | Noticed a two-headed ogre
 10279 | D:10     | Killed a two-headed ogre
 10603 | D:10     | Identified the +1 long sword of Causality {vorpal, rC+
                  | Will+ Dex+3}
 10962 | D:11     | Learned a level 5 spell: Silence
 11130 | D:11     | Got the Tome of Stones and Snow
 11270 | D:11     | Found a staircase to the Orcish Mines.
 12410 | D:10     | HP: 4/98 [skeletal warrior (11)]
 12862 | D:10     | Learned a level 6 spell: Iron Shot
 13044 | D:11     | Learned a level 3 spell: Teleport Other
 13242 | D:12     | Noticed a two-headed ogre
 13245 | D:12     | Killed a two-headed ogre
 13422 | D:12     | Noticed a two-headed ogre
 13428 | D:12     | Killed a two-headed ogre
 13429 | D:12     | Reached XP level 13. HP: 104/104 MP: 21/25
 13808 | Lair:1   | Entered Level 1 of the Lair of Beasts
 16273 | D:8      | Bought the ring of Jipnipt {+Blink rPois rN+ Str+2} for 466
                  | gold pieces
 16273 | D:8      | Bought a ring of resist corrosion for 220 gold pieces
 16330 | Lair:3   | Identified the +5 leather armour "Tuprips" {Fly rC- Regen+}
 17154 | Lair:3   | Found a staircase to the Swamp.
 17163 | Swamp:1  | Entered Level 1 of the Swamp
 17163 | Swamp:1  | Noticed a bunyip
 17185 | Swamp:1  | Killed a bunyip
 17645 | Lair:3   | Reached skill level 10 in Stealth
 18057 | Lair:3   | Identified the +5 chain mail of Marbles {Harm +Blink Int+4
                  | Dex-5}
 18267 | Lair:3   | Reached XP level 14. HP: 26/113 MP: 27/27
 18769 | Lair:4   | Learned a level 6 spell: Statue Form
 18825 | Lair:4   | Reached skill level 10 in Invocations
 19015 | Lair:4   | Found a hole to the Spider Nest.
 20854 | Lair:5   | Found a staircase to the Slime Pits.
 20854 | Lair:5   | Found a viscous altar of Jiyva.
 21084 | Lair:6   | Entered Level 6 of the Lair of Beasts
 21567 | Lair:6   | Reached XP level 15. HP: 103/120 MP: 28/28
 21778 | Lair:6   | Reached skill level 10 in Short Blades
 21778 | Lair:6   | Reached skill level 10 in Long Blades
 21778 | Lair:6   | Reached skill level 10 in Maces & Flails
 21778 | Lair:6   | Reached skill level 10 in Polearms
 21778 | Lair:6   | Reached skill level 10 in Staves
 21778 | Lair:6   | Reached skill level 10 in Slings
 21778 | Lair:6   | Reached skill level 10 in Bows
 21778 | Lair:6   | Reached skill level 10 in Crossbows
 21778 | Lair:6   | Reached skill level 10 in Throwing
 21778 | Lair:6   | Reached skill level 10 in Armour
 21778 | Lair:6   | Reached skill level 10 in Shields
 21778 | Lair:6   | Reached skill level 10 in Unarmed Combat
 21778 | Lair:6   | Reached skill level 10 in Spellcasting
 21778 | Lair:6   | Reached skill level 10 in Evocations
 22131 | Lair:6   | Identified the +0 helmet of the Raven {+Inv}
 22144 | Lair:6   | Identified the +7 scimitar "Killer Bee's Regret" {vorpal,
                  | rPois Str+4}
 22157 | Lair:6   | Identified the amulet of Lucsuugg {Acrobat rPois rC+ Int-5}
 22551 | Lair:6   | Found a runed translucent door.
 22571 | Lair:6   | Identified the +9 spear of Boygyxeb {vorpal, rElec Str+5
                  | Int+2}
 22571 | Lair:6   | Noticed Ronioze's ghost (journeyman MiBe)
 22596 | Lair:6   | Killed Ronioze's ghost
 23854 | Orc:1    | Entered Level 1 of the Orcish Mines
 24207 | Orc:1    | Paralysed by an orc sorcerer for 3 turns
 24254 | Orc:1    | Noticed Fannar
 24281 | Orc:1    | Killed Fannar
 25076 | Orc:2    | Entered Level 2 of the Orcish Mines
 25084 | Orc:2    | Noticed an orc warlord
 25243 | Orc:1    | Killed an orc warlord
 26387 | Orc:2    | Found Nieskiut's Antique Armour Shop.
 26617 | Orc:2    | Found Vekkud's Antique Weapon Shop.
 26626 | Orc:2    | Found a staircase to the Elven Halls.
 26675 | Orc:2    | Found a radiant altar of Vehumet.
 26712 | Orc:2    | Found Ajaorphu's General Store.
 26747 | Orc:2    | Found Iqenef's Jewellery Emporium.
 27099 | Orc:2    | Bought a ring of see invisible for 255 gold pieces
 27110 | Orc:2    | Bought the amulet "Egiakk" {RegenMP rN++ Will+++ Slay-2
                  | Stlth-} for 831 gold pieces
 27452 | D:11     | Reached XP level 16. HP: 69/127 MP: 30/30
 30312 | D:14     | Slain by a boulder beetle

Illustrated notes

Levels and vault maps discovered:
D:1:      nicolae_arrival_memento_mori, layout_rooms,
          chequers_serial_rivers_micro_c
D:2:      layout_loops_corners, hellmonk_ecumenical_altar_leap_of_faith,
          serial_bayou_pond_e, grunt_ministairs_2, minmay_tetromino_s4,
          uniq_jessica, uniq_natasha
D:3:      layout_rooms, serial_glass, glass_columns_c, glass_columns_b,
          glass_columns_a, glass_columns_a, glass_columns_c, glass_columns_c,
          due_unseen_surprise
D:4:      layout_basic, chequers_serial_rivers_large_b, uniq_robin, uniq_grinder
D:5:      layout_loops_ring, minmay_temple_entry_glass, serial_shops,
          shop_fountains, minmay_divided_ellipse
D:6:      layout_rooms, nicolae_tso_besieged_by_evil, portal_sewer_entry_f,
          uniq_pikel
D:7:      layout_cave_pods, nrook_pool_corridor, nicolae_alphabet_shops,
          minmay_ruined_shrine, uniq_joseph
D:8:      layout_basic, lair_entry_dummy, serial_shops, nicolae_shop_crystal
D:9:      minmay_cornered_nines, layout_stronghold, kennysheep_path_1
D:10:     layout_cave_pods, chequers_serial_rivers_room_a
D:11:     layout_basic, david_orc_5
D:12:     layout_irregular_city
D:13:     layout_loops_ring, minmay_fractal_squares_5
D:14:     minmay_the_grid_four_pointed_star_mashed
          [minmay_the_grid_triangle_9x9_skeleton,
          minmay_the_grid_triangle_9x9_negative_grid,
          minmay_the_grid_triangle_9x9_minimal,
          minmay_the_grid_triangle_9x9_empty,
          minmay_the_grid_prize_inner_circle], layout_basic,
          grunt_vaults_entry_fortified, infiniplex_staircase_door_maze
Lair:1:   layout_long_grid
Lair:2:   layout_cave_pods, worms_lemuel
Lair:3:   layout_gridlike, swamp_mist, portal_ice_cave_entry_ice_simulacra
Lair:4:   layout_small_grid, dummy_spider_entry, grunt_megastairs_3
Lair:5:   layout_roguey, slime_altar_1, st_stairs_10
Lair:6:   minmay_lair_end_frog_pond, layout_regular_city,
          ebering_ghost_funeral_grove
Swamp:1:  layout_basic_swamp, nicolae_swamp_trees_clearing, uniq_roxanne
Orc:1:    layout_caves, enter_volcano_3, nooodl_orcs_dogs, uniq_fannar
Orc:2:    grunt_orc_gardens, layout_caves, grunt_orc_garden, grunt_orc_garden,
          grunt_orc_garden, grunt_orc_garden, basic_altar

Skill      XL: |  1  2  3  4  5  6  7  8  9 10 11 12 13 14 15 16 |
---------------+-------------------------------------------------+-----
Short Blades   | 1 4 5 6 7 8 9 10 11 | 11.0
Long Blades    | 1 4 5 6 7 8 9 10 11 | 11.0
Maces & Flails | 1 4 5 6 7 8 9 10 11 | 11.0
Polearms       | 1 4 5 6 7 8 9 10 11 | 11.0
Staves         | 1 4 5 6 7 8 9 10 11 | 11.0
Slings         | 1 4 5 6 7 8 9 10 11 | 11.0
Bows           | 1 4 5 6 7 8 9 10 11 | 11.0
Crossbows      | 1 4 5 6 7 8 9 10 11 | 11.0
Throwing       | 1 4 5 6 7 8 9 10 11 | 11.0
Armour         | 1 4 5 6 7 8 9 10 11 | 11.0
Shields        | 1 4 5 6 7 8 9 10 11 | 11.0
Unarmed Combat | 1 4 5 6 7 8 9 10 11 | 11.0
Spellcasting   | 1 4 5 6 7 8 9 10 11 | 11.0
Invocations    | 1 5 6 7 8 9 10 11 | 11.9
Evocations     | 1 4 5 6 7 8 9 10 11 | 11.0
Conjurations   | 1 3 4 5 6 7 8 9 |  9.3
Hexes          | 1 3 4 5 6 7 8 9 |  9.3
Summonings     | 1 3 4 5 6 7 8 9 |  9.3
Necromancy     | 1 3 4 5 6 7 8 9 |  9.3
Translocations | 1 3 4 5 6 7 8 9 |  9.3
Transmutations | 1 3 4 5 6 7 8 9 |  9.3
Fire Magic     | 1 3 4 5 6 7 8 9 |  9.3
Ice Magic      | 1 3 4 5 6 7 8 9 |  9.3
Air Magic      | 1 3 4 5 6 7 8 9 |  9.3
Earth Magic    | 1 3 4 5 6 7 8 9 |  9.3
Poison Magic   | 1 3 4 5 6 7 8 9 |  9.3
Fighting       | 8 9 10 11 12 | 12.5
Axes           | 8 9 10 11 12 | 12.5
Dodging        | 8 9 10 11 12 | 12.5
Stealth        | 6 7 8 9 10 11 | 11.7

Action                   |  1- 3 |  4- 6 |  7- 9 | 10-12 | 13-15 | 16-18 || total
-------------------------+-------+-------+-------+-------+-------+-------++-------
Melee: Hand axe          |    62 |   164 |   186 |   635 |   612 |       ||  1659
       Bite              |     4 |    17 |    26 |   133 |   281 |    72 ||   533
       Punch             |       |       |    11 |    43 |     5 |       ||    59
       Dagger            |       |       |       |       |   133 |       ||   133
       Long sword        |       |       |       |       |    16 |       ||    16
       Demon whip        |       |       |       |       |   189 |    60 ||   249
       Spear             |       |       |       |       |   205 |       ||   205
       Scimitar          |       |       |       |       |    38 |   150 ||   188
 Fire: Hunting sling     |       |       |       |     4 |       |       ||     4
Throw: Dart              |       |       |     7 |       |       |     2 ||     9
       Throwing net      |       |       |       |     1 |       |       ||     1
 Cast: Freezing Cloud    |       |       |     1 |    12 |    17 |     6 ||    36
       Manifold Assault  |       |       |       |    29 |     8 |     3 ||    40
       Iron Shot         |       |       |       |     6 |    10 |       ||    16
       Statue Form       |       |       |       |       |     5 |     2 ||     7
       Teleport Other    |       |       |       |       |     1 |       ||     1
       Silence           |       |       |       |       |     1 |       ||     1
Invok: Slouch            |       |       |       |     2 |     1 |       ||     3
       Bend Time         |       |       |       |     2 |       |       ||     2
       Step From Time    |       |       |       |       |     1 |     1 ||     2
 Abil: Evoke Blink       |       |       |       |       |     1 |     7 ||     8
       Evoke Invisibilit |       |       |       |       |       |     3 ||     3
Evoke: Wand              |       |       |     2 |     1 |     1 |       ||     4
       Box of beasts     |       |       |       |       |     1 |     1 ||     2
       Condenser vane    |       |       |       |       |     1 |     1 ||     2
  Use: Potion            |       |     2 |     2 |     4 |     4 |       ||    12
       Scroll            |       |     1 |     2 |    14 |    16 |     5 ||    38
 Stab: Sleeping          |     6 |     7 |    13 |     6 |    26 |     1 ||    59
       Distracted        |     1 |     1 |       |     1 |     6 |       ||     9
       Fleeing           |       |       |       |     1 |       |       ||     1
       Invisible         |       |       |       |       |       |    15 ||    15
       Petrified         |       |       |       |       |       |     2 ||     2
Armor: Robe              |     8 |     2 |       |       |       |       ||    10
       Ring mail         |       |    32 |    35 |   107 |    28 |       ||   202
       Steam dragon scal |       |       |       |       |   172 |       ||   172
       Skin              |       |       |       |       |    64 |    13 ||    77
       Chain mail        |       |       |       |       |     4 |    82 ||    86
Dodge: Dodged            |    31 |   132 |   149 |   561 |  1148 |   239 ||  2260
Block: Buckler           |       |       |       |       |   570 |   105 ||   675
       Rpst.: Long sword |       |       |       |       |     2 |       ||     2
       Scimitar          |       |       |       |       |     3 |    34 ||    37
